 Dungeon Sprint DCSS version 0.19.0-18-g426998a (webtiles) character file.

6409 poirepourri the Imperceptible (level 10, -2/42 (44) HPs)
             Began as a Spriggan Enchanter on Nov 11, 2016.
             Was the Champion of Dithmenos.
             Slain by a demonic crawler (13 damage)
             ... in the Dungeon (Sprint I: "Red Sonja").
             The game lasted 00:04:14 (1769 turns).

poirepourri the Imperceptible (Spriggan Enchanter)  Turns: 1769, Time: 00:04:15

HP:   -2/42 (44)    AC:  4    Str:  4    XL:     10   Next: 66%
MP:   7/27          EV: 26    Int: 17    God:    Dithmenos [******]
Gold: 34            SH:  0    Dex: 20    Spells: 5 memorised, 22 levels left

rFire  . . .     SeeInvis +     a - +2 dagger
rCold  + . .     Gourm    .     m - +2 robe {MR+}
rNeg   . . .     Faith    .     (shield restricted)
rPois  +         Spirit   .     (helmet restricted)
rElec  .         Reflect  .     (no cloak)
rCorr  .         Harm     .     (gloves unavailable)
MR     ++...     NoTele   +     (boots unavailable)
Stlth  ++++++++++               n - amulet of magic regeneration
                                p - ring of poison resistance
                                o - ring of protection from cold

@: wreathed by umbra, very quick
A: unfitting armour, see invisible, herbivore 3, speed 3, slow metabolism 2
a: Shadow Step, Shadow Form, Renounce Religion


You were in the Dungeon.
You worshipped Dithmenos.
Dithmenos was exalted by your worship.
You were not hungry.

You visited 1 branch You collected 1361 gold pieces.
You spent 1327 gold pieces at shops.

Inventory:

Hand Weapons
 a - a +2 dagger (weapon)
Armour
 m - a +2 robe of magic resistance (worn)
Jewellery
 k - an uncursed ring of flight
 n - an amulet of magic regeneration (around neck)
 o - a ring of protection from cold (left hand)
 p - a ring of poison resistance (right hand)
 s - an uncursed ring of ice
Scrolls
 j - 2 scrolls of blinking
 q - 2 scrolls of identify
Potions
 e - 3 potions of curing
 f - a potion of heal wounds
 g - a potion of haste
 h - 2 potions of magic
 i - a potion of berserk rage
 l - a potion of resistance
Books
 c - a book of Maledictions

   Spells                             Type                      Level
   a - Corona                         Hexes                        1
   b - Ensorcelled Hibernation        Hexes/Ice                    2
   c - Confuse                        Hexes                        3
   d - Tukima's Dance                 Hexes                        3
   e - Dazzling Spray                 Conjuration/Hexes            3
Comestibles
 d - 4 bread rations


   Skills:
 + Level 0.5 Fighting
 + Level 7.2 Short Blades
 + Level 9.6 Dodging
 + Level 23.1 Stealth
 + Level 12.5 Spellcasting
 + Level 15.1 Hexes
 - Level 4.1 Ice Magic


You had 22 spell levels left.
You knew the following spells:

 Your Spells              Type           Power        Failure   Level  Hunger
a - Corona                Hex            ######.      0%          1    None
b - Ensorcelled Hibernat  Hex/Ice        #####.       1%          2    None
c - Confuse               Hex            ######..     1%          3    None
d - Tukima's Dance        Hex            ######..     1%          3    None
e - Dazzling Spray        Conj/Hex       #####.       1%          3    None


Dungeon Overview and Level Annotations

Branches:
Dungeon (1/1)

Altars:
Cheibriados
Dithmenos
Elyvilon
Fedhas
Gozag
Hepliaklqana
Kikubaaqudgha
Makhleb
Nemelex Xobeh
Okawaru
Qazlal
Ru
Sif Muna
Trog
Uskayaw
Vehumet
Xom
Yredelemnul
Zin
The Shining One
Jiyva
Lugonu

Shops:
D [%}=?*%([(%(%=%[}


Innate Abilities, Weirdness & Mutations

You are very small and have problems with some larger weapons.
You are too small for most types of armour.
You have supernaturally acute eyesight. (SInv)
You are a herbivore.
You cover ground extremely quickly.
You need consume almost no food.


Message History

Casting: Confuse
Confirm with . or Enter, or press ? or * to list all spells.
Aiming: Confuse
Press: ? - help, Shift-Dir - straight line, f/p - demonic crawler
Aim: a demonic crawler (lightly wounded, clinging, umbra, chance to defeat MR: 13%)
The demonic crawler resists with almost no effort.
The demonic crawler completely misses you.
The demonic crawler hits you but does no damage.
The demonic crawler closely misses you.
Casting: Confuse
Confirm with . or Enter, or press ? or * to list all spells.
Aiming: Confuse
Press: ? - help, Shift-Dir - straight line, f/p - demonic crawler
Aim: a demonic crawler (lightly wounded, clinging, umbra, chance to defeat MR: 13%)
The demonic crawler resists with almost no effort.
The demonic crawler barely misses you. The demonic crawler hits you.
The demonic crawler hits you!
* * * LOW HITPOINT WARNING * * *
The demonic crawler hits you!
You die...

#..#####'#####'#__####).s'..#
#..####..#...#s####(§#####..+
#..#__####..##.#≈≈§§.#..# ##
#..#_____##'#.['≈§§§§§§.#
#⌠⌠#_.∩...'.s)_#§§§§§#..#
####_..__##_.#'##§#####'###
#_____###'#(#§([.###.'.#
############.####'###.###.#
#∩........'.)sss@...'.∩##§#
###++++####...###########§#
###.###.....§§##§#
#.#'#.#....§§...§#
#.....#''.######§#
#.(...#......§§#.#
#######.......#§.#
#.[÷}.....§§≈####
#.[(.....§.§≈#


You could see 3 demonic crawlers.

Vanquished Creatures
  2 centaur warriors (D)
  Sonja (D)
  2 unseen horrors (D)
  A deep troll (D)
  An oklob plant (D)
  2 kobold demonologists (D)
  A slime creature (D)
  A hornet (D)
  2 redbacks (D)
  Sigmund (D)
  A yak (D)
  2 floating eyes (D)
  7 necrophages (D)
  An ogre (D)
  8 jellies (D)
  Ijyb (D)
  5 ballistomycetes (D)
  A ballistomycete spore (D)
40 creatures vanquished.

Vanquished Creatures (others)
  A ballistomycete spore (D)
1 creature vanquished.

Grand Total: 41 creatures vanquished

Notes
Turn   | Place    | Note
-------+----------+-------------------------------------------
     0 | D        | poirepourri the Spriggan Enchanter began the quest for the Orb.
     0 | D        | Reached XP level 1. HP: 9/9 MP: 5/5
     1 | D        | Noticed Ijyb
     9 | D        | Killed Ijyb
     9 | D        | Reached skill level 7 in Stealth
     9 | D        | Reached skill level 5 in Hexes
     9 | D        | Reached XP level 2. HP: 6/13 MP: 5/7
   150 | D        | Learned a level 2 spell: Ensorcelled Hibernation
   270 | D        | Noticed an ogre
   272 | D        | Killed an ogre
   272 | D        | Reached skill level 9 in Stealth
   272 | D        | Reached XP level 3. HP: 16/16 MP: 8/10
   272 | D        | Reached XP level 4. HP: 21/21 MP: 8/11
   342 | D        | Noticed Sigmund
   345 | D        | Killed Sigmund
   345 | D        | Reached skill level 11 in Stealth
   345 | D        | Reached skill level 5 in Spellcasting
   345 | D        | Reached XP level 5. HP: 24/24 MP: 12/14
   376 | D        | Learned a level 3 spell: Confuse
   380 | D        | Learned a level 3 spell: Tukima's Dance
   384 | D        | Learned a level 3 spell: Dazzling Spray
   384 | D        | Found a deep blue altar of Sif Muna.
   386 | D        | Found a radiant altar of Vehumet.
   391 | D        | Reached skill level 12 in Stealth
   391 | D        | Reached XP level 6. HP: 28/28 MP: 10/15
   448 | D        | Found Roeb's Food Emporium.
   448 | D        | Found an ancient bone altar of Kikubaaqudgha.
   448 | D        | Found a hazy altar of Hepliaklqana.
   448 | D        | Found a stormy altar of Qazlal.
   448 | D        | Found a hide-covered altar of Uskayaw.
   448 | D        | Found a blossoming altar of Fedhas.
   448 | D        | Found a bloodstained altar of Trog.
   448 | D        | Found an iron altar of Okawaru.
   448 | D        | Found a basalt altar of Yredelemnul.
   448 | D        | Found a glowing golden altar of the Shining One.
   448 | D        | Found a snail-covered altar of Cheibriados.
   448 | D        | Found a sacrificial altar of Ru.
   448 | D        | Found a glowing silver altar of Zin.
   448 | D        | Found a shadowy altar of Dithmenos.
   448 | D        | Found a white marble altar of Elyvilon.
   448 | D        | Noticed a yak
   449 | D        | Found an opulent altar of Gozag.
   450 | D        | Killed a yak
   450 | D        | Reached skill level 13 in Stealth
   450 | D        | Reached skill level 10 in Hexes
   451 | D        | Found a sparkling altar of Nemelex Xobeh.
   459 | D        | Became a worshipper of Dithmenos the Shadowed
   464 | D        | Bought a bread ration for 70 gold pieces
   464 | D        | Bought a bread ration for 70 gold pieces
   464 | D        | Bought a bread ration for 70 gold pieces
   515 | D        | Found a burning altar of Makhleb.
   515 | D        | Found a viscous altar of Jiyva.
   515 | D        | Found a shimmering altar of Xom.
   515 | D        | Found a corrupted altar of Lugonu.
   515 | D        | Noticed a slime creature
   518 | D        | Killed a slime creature
   518 | D        | Reached skill level 14 in Stealth
   518 | D        | Reached XP level 7. HP: 32/32 MP: 14/18
   564 | D        | Noticed Sonja
   568 | D        | Killed Sonja
   568 | D        | Reached skill level 16 in Stealth
   568 | D        | Reached skill level 1 in Ice Magic
   568 | D        | Reached XP level 8. HP: 36/36 MP: 17/21
   572 | D        | Noticed a deep troll
   597 | D        | Killed a deep troll
   597 | D        | Reached * piety under Dithmenos
   597 | D        | Reached skill level 17 in Stealth
   616 | D        | Found Litaonuth's Armour Emporium.
   621 | D        | Bought a +2 robe of magic resistance for 212 gold pieces
   654 | D        | Found Woom's Antique Armour Boutique.
   841 | D        | Noticed a centaur warrior
   842 | D        | Noticed a centaur warrior
   879 | D        | Killed a centaur warrior
   879 | D        | Reached skill level 5 in Short Blades
   879 | D        | Reached skill level 19 in Stealth
   879 | D        | Reached XP level 9. HP: 28/39 MP: 20/23
   885 | D        | Killed a centaur warrior
   885 | D        | Reached skill level 10 in Spellcasting
   973 | D        | Reached ** piety under Dithmenos
   973 | D        | Reached skill level 20 in Stealth
  1016 | D        | Noticed an oklob plant
  1018 | D        | Killed an oklob plant
  1029 | D        | Reached skill level 21 in Stealth
  1029 | D        | Reached XP level 10. HP: 44/44 MP: 24/26
  1058 | D        | Reached *** piety under Dithmenos
  1068 | D        | Reached **** piety under Dithmenos
  1071 | D        | Noticed an unseen horror
  1071 | D        | Noticed an unseen horror
  1126 | D        | Reached ***** piety under Dithmenos
  1238 | D        | Killed an unseen horror
  1240 | D        | Killed an unseen horror
  1240 | D        | Reached skill level 22 in Stealth
  1264 | D        | Reached skill level 15 in Hexes
  1287 | D        | Found Ukyvyam's Jewellery Shoppe.
  1287 | D        | Found Wiaceh's Gadget Shop.
  1287 | D        | Found Aqaso's Magic Scroll Boutique.
  1289 | D        | Found Lojemoant's Assorted Antiques.
  1289 | D        | Found Eniemm's Food Shop.
  1289 | D        | Found Kunn's Weapon Shoppe.
  1289 | D        | Found Kinojonu's Armour Boutique.
  1289 | D        | Found Rauthrucw's Antique Weapon Emporium.
  1289 | D        | Found Dufreuj's Food Shop.
  1289 | D        | Found Urenaac's Antique Weapon Shoppe.
  1292 | D        | Bought an uncursed ring of protection from cold for 275 gold pieces
  1293 | D        | Found Kyno's Food Boutique.
  1296 | D        | Found Dimon's Food Emporium.
  1296 | D        | Found Xonte's Jewellery Boutique.
  1297 | D        | Found Vuqugrei's Gadget Emporium.
  1311 | D        | Bought an uncursed ring of poison resistance for 280 gold pieces
  1508 | D        | Reached ****** piety under Dithmenos
  1510 | D        | Reached skill level 23 in Stealth
  1590 | D        | Bought an uncursed ring of ice for 350 gold pieces
  1769 | D        | Slain by a demonic crawler

Skill      XL: |  1  2  3  4  5  6  7  8  9 10 |
---------------+-------------------------------+-----
Stealth        | 7 9 11 12 14 16 19 21 23 | 23.1
Spellcasting   | 3 4 5 7 8 9 11 12 | 12.5
Hexes          | 5 7 9 11 12 13 14 15 | 15.1
Short Blades   | 2 3 4 5 7 |  7.2
Dodging        | 4 6 7 8 9 |  9.6
Ice Magic      | 1 3 4 |  4.1
Fighting       | |  0.5

Action                   |  1- 3 |  4- 6 |  7- 9 | 10-12 || total
-------------------------+-------+-------+-------+-------++-------
Melee: Dagger            |     7 |     4 |    10 |   102 ||   123
 Cast: Ensorcelled Hiber |       |     2 |    10 |     7 ||    19
       Dazzling Spray    |       |       |       |     7 ||     7
       Confuse           |       |       |       |     6 ||     6
  Use: Scroll            |       |       |     1 |     2 ||     3
 Stab: Sleeping          |     2 |     4 |     8 |    17 ||    31
       Confused          |       |       |       |     3 ||     3
Armor: Robe              |       |       |       |     6 ||     6
Dodge: Dodged            |     1 |     1 |     9 |    29 ||    40
